Cogmind - Beta 14 @@@ ROGUE MODE // 2024.10.24 @ 00:08:52 Player: Komeiji O. Result: Destroyed by P-60 Hacker with Shock Rifle Performance ------------- Evolutions (3) 1500 Regions Visited (8) 1600 Robots Destroyed (110) 550 Value Destroyed (4908) 4908 Prototype IDs (7) 140 Alien Tech Used (0) 0 Bonus (1026) 1026 TOTAL SCORE: 9724 Bonus ------- High Alert Combat Kills 353 Follower Combat Kills 460 Entered Garrisons 200 Used RIF Installer 500 Friendly Fire -487 Cogmind --------- Core Integrity 0/700 Matter 290/300 Energy 150/150 System Corruption 39% Temperature Cool (0) Movement Walking (120) Location -7/Factory Parts ------- > --- POWER (1) -------- Micro Nuclear Core > --- PROPULSION (4) --- Carbon-fiber Leg Carbon-fiber Leg Gravmag System > --- UTILITY (6) ------ Salvage Targeting Computer Improved Melee Analysis Suite Target Analyzer Makeshift Hacking Suite Relay Coupler [NC] (31) Corruption Screen > --- WEAPON (2) ------- Powered Hammer Spear > --- INVENTORY (5) ---- Micro Nuclear Core Rocket Array Rocket Array Powered Hammer Powered Hammer Peak State ------------ > --- POWER ------------ Heavy Ion Engine > --- PROPULSION ------- Compact Wheel Compact Wheel Armored Huge Wheel > --- UTILITY ---------- Huge Storage Unit Powered Armor Relay Coupler [Grunt] Relay Coupler [Sentry] Relay Coupler [Specialist] Dynamic Insulation System > --- WEAPON ----------- Flak Gun Powered Hammer > --- INVENTORY -------- Nuclear Core Compact Wheel Compact Wheel Matter Filter Medium Armor Plating Improved Medium Armor Plating Makeshift Hacking Suite System Shield Relay Coupler [NC] Relay Coupler [NC] Relay Coupler [Cutter] Relay Coupler [Brawler] Relay Coupler [Demolisher] Relay Coupler [Hunter] Relay Coupler [Heavy] Precision Beam Rifle Minigun Gauss Rifle Advanced Assault Cannon Improved Grenade Launcher Missile Launcher Powered Hammer Scythe [Rating: 49] Favorites ----------- Power Ion Engine Engine Ion Engine Power Core Micro Nuclear Core Propulsion Light Treads Treads Light Treads Leg Carbon-fiber Leg Wheel Compact Wheel Hover Unit Gravmag System Utility Large Storage Unit Device Seismic Detector Storage Large Storage Unit Processor Targeting Computer Hackware Relay Coupler [Sentry] Protection Hardened Light Armor Plating Weapon Light Assault Rifle Energy Gun Heavy EM Pulse Gun Energy Cannon Improved EM Pulse Cannon Ballistic Gun Light Assault Rifle Ballistic Cannon Light Cannon Launcher Rocket Launcher Special Weapon Mining Laser Impact Weapon Powered Hammer Slashing Weapon Scythe Piercing Weapon Spear Special Melee Weapon Datajack Build | -11 -10 -10 -10 -9 -8 -8 -8 -7 ------- Run | Yrd Mat Min Exi Min Mat Gar Mat Fac Slots Evolved 6 | . . . . . 4 . . 2 Power . | . . . . . . . . . Propulsion 2 | . . . . . 2 . . . Utility 4 | . . . . . 2 . . 2 Weapon . | . . . . . . . . . Parts Attached 173 | 7 12 5 1 7 22 32 28 59 Power 9 | 1 2 . . 1 . 1 1 3 Engine 6 | 1 1 . . 1 . 1 1 1 Core 3 | . 1 . . . . . . 2 Reactor . | . . . . . . . . . Propulsion 39 | 2 2 . 1 . 6 11 6 11 Treads 26 | 2 2 . 1 . 6 11 4 . Leg 2 | . . . . . . . . 2 Wheel 9 | . . . . . . . 2 7 Hover 2 | . . . . . . . . 2 Flight . | . . . . . . . . . Utility 48 | 2 2 . . 2 7 4 8 23 Device 8 | 1 . . . 1 2 . . 4 Storage 7 | 1 2 . . . 2 . 1 1 Processor 7 | . . . . . 1 . . 6 Hackware 10 | . . . . . . 2 4 4 Protection 16 | . . . . 1 2 2 3 8 Artifact . | . . . . . . . . . Weapon 77 | 2 6 5 . 4 9 16 13 22 Energy Gun 23 | 1 6 . . . 4 6 2 4 Energy Cannon 1 | . . . . . . . 1 . Ballistic Gun 12 | 1 . 4 . 1 1 . 1 4 Ballistic Cannon 1 | . . . . . 1 . . . Launcher 13 | . . 1 . 2 2 3 1 4 Special Weapon 4 | . . . . 1 1 . 2 . Impact Weapon 6 | . . . . . . 1 . 5 Slashing Weapon 8 | . . . . . . 2 3 3 Piercing Weapon 1 | . . . . . . . . 1 Special Melee Weapon 8 | . . . . . . 4 3 1 Unidentified Prototypes 5 | . . . . . 1 . 2 2 Corrupted Parts 2 | . . . . . . . . 2 System Corruption 15 | . . . . . . . . 15 Parts Lost 39 | . 5 2 . . 1 3 5 23 Power 4 | . 1 . . . . . . 3 Propulsion 11 | . . . . . . 1 2 8 Utility 10 | . . . . . . 1 1 8 Weapon 14 | . 4 2 . . 1 1 2 4 Highest Loss Streak 14 | . 2 2 . . 1 2 3 14 To Critical Strikes . | . . . . . . . . . Average Slot Usage (%) 95 | . 99 100 100 100 99 99 93 81 Engine 10 | . 13 14 14 14 9 9 9 4 Treads 25 | . 28 28 28 28 36 35 27 5 Wheel 2 | . . . . . . . 3 10 Device 8 | . 14 14 14 6 10 8 . 5 Storage 10 | . 14 14 14 14 13 9 9 4 Processor 3 | . . . . . 2 9 3 7 Hackware 5 | . . . . . . . 16 13 Protection 5 | . . . . 7 9 9 6 5 Energy Gun 9 | . 26 2 . . 12 13 1 1 Ballistic Gun 5 | . 1 25 28 12 3 . 1 2 Launcher 1 | . . . . 12 . . . . Slashing Weapon 1 | . . . . . . 1 7 2 Special Melee Weapon 1 | . . . . . . 3 6 . Peak Build Rating 49 | 7 12 10 9 13 28 29 33 49 Average Rating 21 | 4 9 9 9 11 24 25 27 36 On Entrance 14 | . 7 9 9 9 10 26 27 33 Naked Turns . | . . . . . . . . . Heaviest Build 177 | 14 32 31 28 40 44 41 98 177 Greatest Support 84 | 40 40 40 40 40 84 84 84 60 Greatest Overweight (x) 9 | . . . . . . . 5 9 Average Overweight (x) . | . . . . . . . 1 1 Largest Inventory Capacity 30 | 8 15 15 15 15 15 15 25 30 Average Capacity 15 | 6 10 15 15 15 15 15 21 18 Most Carried 30 | 4 13 15 15 15 15 15 25 30 Average Carried 14 | 2 8 14 14 14 14 14 18 17 Final Capacity 25 | 8 15 15 15 15 15 15 25 5 Final Carried 25 | 4 13 15 15 15 15 15 25 5 Class Distribution -------------------- 60% | Mutant 24% | Bothacker-Mutant 8% | Scavenger-Mutant 3% | Gladiator Dominant Class ---------------- Mutant | -10/Materials Mutant | -10/Mines Mutant | -10/Exiles Mutant | -9/Mines Mutant | -8/Materials Scavenger-Mutant | -8/Garrison Bothacker-Mutant | -8/Materials Mutant | -7/Factory Resources | -11 -10 -10 -10 -9 -8 -8 -8 -7 ----------- Run | Yrd Mat Min Exi Min Mat Gar Mat Fac Matter Collected 2686 | 238 304 31 56 191 299 467 385 715 Remotely . | . . . . . . . . . Salvage Created 4132 | 11 849 62 . 53 873 1038 253 993 Parts 246 | 4 57 13 . 3 52 53 11 53 Haulers Intercepted 6 | . 1 . . . 3 . 1 1 Recyclers Shooed 2 | . . . . . . . . 2 Parts Field Recycled . | . . . . . . . . . Retrieved Matter . | . . . . . . . . . Parts Self-Destructed . | . . . . . . . . . Prevented . | . . . . . . . . . Kills | -11 -10 -10 -10 -9 -8 -8 -8 -7 ------- Run | Yrd Mat Min Exi Min Mat Gar Mat Fac Combat Hostiles Destroyed 91 | . 18 4 . 6 17 24 5 17 Melee 14 | . . . . . . 2 2 10 Guns 51 | . 16 1 . 2 13 15 . 4 AOE 24 | . 1 3 . 4 4 7 3 2 Classes Destroyed 16 | 1 6 . . 1 3 2 . 3 Worker 2 | . 1 . . . . . . 1 Builder 1 | . . . . . . . . 1 Tunneler 1 | 1 . . . . . . . . Hauler 6 | . 1 . . . 3 . 1 1 Recycler 2 | . . . . . 1 . . 1 Mechanic 1 | . . . . . . . . 1 Operator 5 | . 3 . . . 1 . . 1 Watcher 3 | . 3 . . . . . . . Swarmer 17 | . 3 3 . 1 5 4 1 . Grunt 37 | . 15 1 . 1 7 3 3 7 Brawler 6 | . . . . . . 4 1 1 Sentry 13 | . . . . . 5 6 . 2 Specialist 1 | . . . . . . . . 1 Hunter 6 | . . . . . 1 3 . 2 Programmer 9 | . . . . . . 5 . 4 Assembled 4 | . . . . 4 . . . . Best Kill Streak 6 | 1 4 3 . 2 3 6 4 4 Combat Bots Only 6 | . 3 3 . 2 3 6 4 3 Max Kills in Single Turn 3 | 1 2 3 . 1 2 3 3 2 Gunslinging 1 | . . . . . . 1 . . Exploded 3 | . 1 3 . 1 2 3 3 1 Melee 1 | . . . . . . 1 1 1 Uniques/NPCs Destroyed . | . . . . . . . . . Combat | -11 -10 -10 -10 -9 -8 -8 -8 -7 -------- Run | Yrd Mat Min Exi Min Mat Gar Mat Fac Hostile Shots Fired 767 | . 92 17 . 7 72 132 66 381 Missed 242 | . 26 3 . 3 19 40 17 134 Damage Taken 7561 | . 894 176 . 89 814 1262 740 3586 Core 1115 | . 116 11 . . 60 136 92 700 Absorbed by Shields . | . . . . . . . . . Core Remaining (%) 65 | 100 . . . 49 . . 47 . Volleys Fired 253 | 4 60 9 . 16 59 60 11 34 Largest 2 | 2 2 2 . 2 2 2 1 2 Hottest 140 | 70 90 85 . 100 126 126 69 140 Shots Fired 449 | 8 119 15 . 26 106 110 11 54 Gun 403 | 8 119 14 . 15 98 97 1 51 Cannon 8 | . . . . . 1 . 7 . Launcher 34 | . . 1 . 10 6 13 1 3 Special 4 | . . . . 1 1 . 2 . Kinetic 92 | 4 20 6 . 15 15 . 1 31 Thermal 230 | 4 29 . . 1 79 97 . 20 Explosive 34 | . . 1 . 10 6 13 1 3 Electromagnetic 91 | . 70 8 . . 6 . 7 . Robot Hit Streak 38 | 2 22 4 . 6 19 38 3 6 Robot Miss Streak 5 | 1 3 2 . 2 4 1 1 5 Penetration Max 1 | . . . . . . . . 1 Secondary Targets 4 | . . . . . . 2 . 2 Max Gunslinging Chain 1 | . . . . . . 1 . 1 Shots Hit Robots 390 | 4 76 9 . 8 75 101 25 92 Core Hits 202 | 2 30 7 . 15 38 51 8 51 Critical Kills . | . . . . . . . . . Critical Parts Destroyed 3 | . . . . . . . . 3 Critical Strikes 25 | . 1 . . . 4 6 2 12 Burn 13 | . 1 . . . 4 5 . 3 Corrupt 1 | . . . . . . . 1 . Smash 3 | . . . . . . . . 3 Sever 8 | . . . . . . 1 1 6 Melee Attacks 156 | . . . . . . 35 36 85 Impact 41 | . . . . . . . . 41 Slashing 62 | . . . . . . 16 22 24 Piercing 11 | . . . . . . . . 11 Sneak Attacks 33 | . . . . . . 18 6 9 Combat Hostiles . | . . . . . . . . . Follow-up Attacks 11 | . . . . . . . . 11 Damage Inflicted 9510 | 26 1205 235 . 285 1588 2978 527 2666 Guns 4253 | 26 1124 106 . 67 1137 1112 . 681 Cannons 145 | . . . . . 22 . 123 . Explosions 2368 | . 81 129 . 211 405 999 154 389 Melee 2709 | . . . . . . 867 250 1592 Ramming 11 | . . . . 7 . . . 4 Kinetic 767 | 14 71 29 . 67 105 . . 481 Thermal 2599 | 12 310 . . . 965 1112 . 200 Explosive 2250 | . . 129 . 211 405 999 154 352 Electromagnetic 1174 | . 824 77 . . 113 . 123 37 Impact 754 | . . . . . . . . 754 Slashing 1798 | . . . . . . 867 250 681 Piercing 157 | . . . . . . . . 157 Highest Corruption 39 | . . . . . . 3 5 39 Average Corruption 12 | . . . . . . 2 4 28 Corruption Purged . | . . . . . . . . . Corruption Blocked 3 | . . . . . . . . 3 Effects 113 | . . . . . . 15 35 63 Message Errors 23 | . . . . . . 3 9 11 Matter Fused 24 | . . . . . . 2 12 10 Heat Flow Errors 23 | . . . . . . 6 5 12 Energy Discharges 17 | . . . . . . . 5 12 Parts Rejected 2 | . . . . . . . . 2 Parts Fused 2 | . . . . . . . . 2 Data Loss (minor) 8 | . . . . . . 1 1 6 Data Loss (major) 5 | . . . . . . 1 2 2 Misfires 2 | . . . . . . 1 . 1 Alerts 1 | . . . . . . . 1 . Misdirections 3 | . . . . . . . . 3 Weapon Failures 3 | . . . . . . 1 . 2 Overload Shots . | . . . . . . . . . Overflow Damage 384 | . 47 . . . . 160 8 169 Projectiles 8 | . . . . . . . 8 . Explosions 141 | . 47 . . . . 84 . 10 Melee 235 | . . . . . . 76 . 159 Knockbacks 2 | . . . . 1 1 . . . Impact 1 | . . . . 1 . . . . Kinetic 1 | . . . . . 1 . . . Secondary . | . . . . . . . . . Self-Inflicted Damage 455 | . 120 . . 35 41 108 . 151 Shots 11 | . 2 . . 1 1 3 . 4 Rammed 2 | . . . . 1 . . . 1 Targets Rammed 2 | . . . . 1 . . . 1 Kicked . | . . . . . . . . . Crushed . | . . . . . . . . . Highest Temperature 352 | 40 310 68 . 24 352 243 254 258 Average Temperature 70 | 20 65 35 . 9 92 53 109 79 Received Heat Transfer 1662 | . 411 81 . 12 387 216 99 456 Effects 5 | . . . . . 3 . . 2 Interference 5 | . . . . . 3 . . 2 Siege Activations . | . . . . . . . . . Robots Corrupted 2 | . 1 . . . . . . 1 Combat Hostiles 2 | . 1 . . . . . . 1 Parts Fried 5 | . 4 . . . . . . 1 Impact Corruptions 8 | . . . . . . . . 8 Robots Melted . | . . . . . . . . . Combat Hostiles . | . . . . . . . . . Parts Melted 16 | . 2 . . . 5 7 . 2 Heat Transferred 6701 | 37 805 . . . 2455 2738 . 666 Parts Sabotaged . | . . . . . . . . . Parts Stolen . | . . . . . . . . . Parts Stripped . | . . . . . . . . . Power Chain Reactions 3 | . 2 . . . . . . 1 Alert | -11 -10 -10 -10 -9 -8 -8 -8 -7 ------- Run | Yrd Mat Min Exi Min Mat Gar Mat Fac Peak Influence 1258 | 5 147 135 . 113 337 1258 627 454 Initial 612 | . 3 30 . . . 156 612 158 Average 229 | 1 70 56 . 40 146 636 301 235 Maximum Alert Level 4 | . . . . . 1 4 2 2 Low Security (%) 60 | 100 100 100 . 100 73 3 26 48 Level 1 23 | . . . . . 26 27 58 38 Level 2 8 | . . . . . . 24 14 12 Level 3 5 | . . . . . . 33 . . Level 4 1 | . . . . . . 11 . . Level 5 . | . . . . . . . . . High Security . | . . . . . . . . . Max Security . | . . . . . . . . . Squads Dispatched 27 | . 5 . . 1 4 . 7 10 Investigation 4 | . 2 . . . . . 1 1 Extermination 4 | . . . . . . . . 4 Reinforcement 13 | . 3 . . . 2 . 6 2 Assault 1 | . . . . 1 . . . . Garrison 5 | . . . . . 2 . . 3 Intercept . | . . . . . . . . . Searches Triggered . | . . . . . . . . . Construction Impeded 2 | . . . . . . . 1 1 Haulers Reinforced . | . . . . . . . . . Active Scanning Responses . | . . . . . . . . . Cargo Convoy Interrupts 1 | . . . . . . . . 1 Stealth | -11 -10 -10 -10 -9 -8 -8 -8 -7 --------- Run | Yrd Mat Min Exi Min Mat Gar Mat Fac Distress Signals 8 | . 1 . . . 2 . 3 2 Communications Jammed . | . . . . . . . . . Distress Signals . | . . . . . . . . . Times Spotted 164 | . 26 5 . 6 27 26 26 48 Peak Tracking Total 15 | . 5 3 . 3 3 6 3 15 Tactical Retreats 19 | . 1 1 . . 2 . 3 12 Traps | -11 -10 -10 -10 -9 -8 -8 -8 -7 ------- Run | Yrd Mat Min Exi Min Mat Gar Mat Fac Traps Triggered 6 | . 2 . . . . 1 . 3 Indirectly . | . . . . . . . . . Trap Hack Attempts 13 | . . . . . . 13 . . Triggered . | . . . . . . . . . Disarmed . | . . . . . . . . . Reprogrammed 2 | . . . . . . 2 . . Reused . | . . . . . . . . . Traps Extracted . | . . . . . . . . . Installed . | . . . . . . . . . Triggered . | . . . . . . . . . Machines | -11 -10 -10 -10 -9 -8 -8 -8 -7 ---------- Run | Yrd Mat Min Exi Min Mat Gar Mat Fac Machines Disabled 13 | . 2 . . . . 7 1 3 Max in Single Turn 2 | . 1 . . . . 2 . 2 Garrison Relay 5 | . . . . . . 5 . . Phase Generator 1 | . . . . . . 1 . . Machines Repaired . | . . . . . . . . . Machines Dismantled . | . . . . . . . . . Machines Sabotaged . | . . . . . . . . . Overloaded Fab Kills . | . . . . . . . . . Hacking | -11 -10 -10 -10 -9 -8 -8 -8 -7 --------- Run | Yrd Mat Min Exi Min Mat Gar Mat Fac Machines Accessed 27 | . 7 . . . 8 5 3 4 Terminals 24 | . 6 . . . 7 5 3 3 Fabricators . | . . . . . . . . . Repair Stations . | . . . . . . . . . Recycling Units 2 | . 1 . . . . . . 1 Scanalyzers . | . . . . . . . . . Garrison Access 1 | . . . . . 1 . . . Total Hacks 77 | . 23 . . . 22 9 10 13 Successful 40 | . 9 . . . 15 4 5 7 Failed 37 | . 14 . . . 7 5 5 6 Catastrophic 4 | . 2 . . . . 2 . . Database Lockouts . | . . . . . . . . . Manual 47 | . 14 . . . 14 2 8 9 Terminals 74 | . 22 . . . 21 9 10 12 Fabricators . | . . . . . . . . . Repair Stations . | . . . . . . . . . Recycling Units 2 | . 1 . . . . . . 1 Scanalyzers . | . . . . . . . . . Garrison Access 1 | . . . . . 1 . . . Terminal Hacks 17 | . 4 . . . 7 4 1 1 Part Schematic 1 | . . . . . 1 . . . Prototype ID Bank 1 | . 1 . . . . . . . Open Door 1 | . . . . . . 1 . . Emergency Access Points 1 | . . . . . . 1 . . Terminal Index 1 | . . . . . 1 . . . Garrison Index 1 | . . . . . 1 . . . Alert Level 2 | . 1 . . . 1 . . . Unreport Threat 1 | . . . . . . . 1 . Locate Traps 2 | . 1 . . . . . . 1 Security Status 1 | . . . . . 1 . . . Hauler Manifests 2 | . 1 . . . 1 . . . Zone Layout 1 | . . . . . 1 . . . Garrison Registry 1 | . . . . . . 1 . . Patrol Navigation 1 | . . . . . . 1 . . Fabricator Hacks . | . . . . . . . . . Repair Station Hacks . | . . . . . . . . . Recycling Unit Hacks 2 | . 1 . . . . . . 1 Retrieve Components 2 | . 1 . . . . . . 1 Scanalyzer . | . . . . . . . . . Garrison Access Hacks 1 | . . . . . 1 . . . Unlock Access 1 | . . . . . 1 . . . Unauthorized Hacks 20 | . 4 . . . 7 . 4 5 Terminals 20 | . 4 . . . 7 . 4 5 Track 7 | . 1 . . . 2 . 2 2 Botnet 13 | . 3 . . . 5 . 2 3 Fabricators . | . . . . . . . . . Repair Stations . | . . . . . . . . . Recycling Units . | . . . . . . . . . Scanalyzers . | . . . . . . . . . Garrison Access . | . . . . . . . . . Data Cores Recovered 1 | . . . . . 1 . . . Used . | . . . . . . . . . Hacking Detections 22 | . 6 . . . 6 4 3 3 Full Trace Events . | . . . . . . . . . Feedback Events . | . . . . . . . . . Feedback Blocked . | . . . . . . . . . Robot Schematics Acquired . | . . . . . . . . . Robots Built . | . . . . . . . . . Authchips . | . . . . . . . . . Time . | . . . . . . . . . Total Robot Build Rating . | . . . . . . . . . Part Schematics Acquired 1 | . . . . . 1 . . . Parts Built . | . . . . . . . . . Authchips . | . . . . . . . . . Time . | . . . . . . . . . Total Part Build Rating . | . . . . . . . . . Parts Repaired . | . . . . . . . . . Time . | . . . . . . . . . Parts Recycled . | . . . . . . . . . Recycled Matter . | . . . . . . . . . Retrieved Matter . | . . . . . . . . . Retrieved Components 10 | . 1 . . . . . . 9 Parts Scanalyzed . | . . . . . . . . . Part Schematics Acquired . | . . . . . . . . . Parts Damaged . | . . . . . . . . . Bothacking | -11 -10 -10 -10 -9 -8 -8 -8 -7 ------------ Run | Yrd Mat Min Exi Min Mat Gar Mat Fac Used RIF Installer 1 | . . . . . . 1 . . Robots Hacked 16 | . . . . . . 1 9 6 Non-combat 6 | . . . . . . . 1 5 Combat 10 | . . . . . . 1 8 1 Robot Hacks Applied 18 | . . . . . . 1 10 7 parse_system 1 | . . . . . . . 1 . no_distress 1 | . . . . . . . 1 . generate_anomaly 1 | . . . . . . . . 1 start_evac 2 | . . . . . . . . 2 find_chute 2 | . . . . . . . . 2 hold_bot 1 | . . . . . . . . 1 disable_weapons 1 | . . . . . . . 1 . overwrite_iff 1 | . . . . . . . 1 . formatsys_high 8 | . . . . . . 1 6 1 Relay Couplers Released 20 | . . . . . . 20 . . Machine Destruction 20 | . . . . . . 20 . . Attached 9 | . . . . . . 2 4 3 Fabnet Peak Effective % . | . . . . . . . . . Robots Rewired 9 | . . . 1 . . 8 . . Allies Hacked . | . . . . . . . . . Hacks Repelled . | . . . . . . . . . Allies | -11 -10 -10 -10 -9 -8 -8 -8 -7 -------- Run | Yrd Mat Min Exi Min Mat Gar Mat Fac Total Allies 20 | . . 1 1 1 . 9 7 1 Largest Group 6 | . . 1 1 2 2 6 4 2 Highest-Rated Group 86 | . . 31 31 39 39 71 86 56 Highest-Rated Ally 40 | . . 31 31 31 31 31 40 40 Total Orders 6 | . . . . . . 2 4 . STAY 3 | . . . . . . 1 2 . FOLLOW 3 | . . . . . . 1 2 . Ally Attacks 118 | . . . 6 6 17 23 51 15 Total Damage 1761 | . . . 85 44 215 267 819 331 Kills 21 | . . . 2 2 2 4 9 2 Allies Corrupted . | . . . . . . . . . Allies Melted . | . . . . . . . . . Intel | -11 -10 -10 -10 -9 -8 -8 -8 -7 ------- Run | Yrd Mat Min Exi Min Mat Gar Mat Fac Robot Analysis Total . | . . . . . . . . . Derelict Logs Recovered 1 | . . 1 . . . . . . Drone Launches . | . . . . . . . . . Drone Recoveries . | . . . . . . . . . Exploration | -11 -10 -10 -10 -9 -8 -8 -8 -7 ------------- Run | Yrd Mat Min Exi Min Mat Gar Mat Fac Turns Passed 10916 | 112 2228 621 595 960 1219 1578 1533 2070 Spaces Moved 5992 | 57 1210 362 369 558 625 798 681 1332 Core 183 | 3 . . . . . . . 180 Treads 4552 | 54 1210 362 369 558 625 798 576 . Legs 364 | . . . . . . . . 364 Wheels 819 | . . . . . . . 105 714 Hover 74 | . . . . . . . . 74 Flight . | . . . . . . . . . Fastest Speed 50 | 50 160 160 160 160 152 152 152 50 Average Speed 153 | 154 160 160 160 160 152 153 190 121 Slowest Speed 243 | 160 160 160 160 160 160 156 243 235 Overloaded Moves . | . . . . . . . . . Propulsion Burnouts . | . . . . . . . . . Robots Hopped . | . . . . . . . . . Cave-ins Triggered . | . . . . . . . . . Exploration Rate (%) 60 | 4 96 56 86 97 43 88 48 26 Regions Visited 8 Branch Regions 3 Pre-discovered Areas . | . . . . . . . . . Known Exits Taken 2 | . . . . . 1 . 1 . Unknown Exits Taken 5 | 1 1 1 1 1 . . . . Scrap Searched 2 | . . . . 2 . . . . Spaces Dug 34 | . . 10 . 1 . 2 12 9 Terrain Destroyed 366 | . 12 10 . 84 56 125 21 58 Melee 21 | . . . . . . . 12 9 Projectile 2 | . . . . 1 . . . 1 AOE 343 | . 12 10 . 83 56 125 9 48 Terrain Rammed . | . . . . . . . . . Walls Destroyed . | . . . . . . . . . Machines Disabled . | . . . . . . . . . Actions | -11 -10 -10 -10 -9 -8 -8 -8 -7 --------- Run | Yrd Mat Min Exi Min Mat Gar Mat Fac Total 7113 | 71 1398 391 378 600 788 1012 856 1619 Wait 309 | . 74 7 . 10 58 24 71 65 Move 5985 | 56 1209 361 368 557 625 797 680 1332 Hop . | . . . . . . . . . Pick Up 121 | 4 24 6 3 4 11 20 18 31 Fast Attach 38 | 7 2 . . . 2 3 5 19 Attach 36 | . 5 2 . . 4 5 3 17 Detach 5 | . 2 . . . . . . 3 Swap 99 | . 5 3 1 7 16 24 20 23 Drop 102 | . 17 3 4 5 13 29 7 24 Fire 253 | 4 60 9 . 16 59 60 11 34 Melee 140 | . . . . . . 35 36 69 Ram 1 | . . . . . . . . 1 Kick . | . . . . . . . . . Crush 1 | . . . . 1 . . . . Escape Stasis . | . . . . . . . . . Rewire 10 | . . . 2 . . 2 5 1 Trap 13 | . . . . . . 13 . . Miscellaneous . | . . . . . . . . . Route ------- -11/Scrapyard -10/Materials (discovered 5 exits: [*Mat x3] / [*Min x2]) -10/Mines (discovered 3 exits: [*Mat] / [*Exi] / [*Sub]) -10/Exiles -9/Mines (discovered 2 exits: *Mat x2) -8/Materials (discovered 3 exits: *Fac x2 / Gar) -8/Garrison (discovered 3 exits: *Mat x3) -8/Materials -7/Factory History --------- Turn | Location | Event 24 | -11/Scrapyard | Discovered new exit (range 15) 113 | -11/Scrapyard | Entered Materials 314 | -10/Materials | Build established: Mutant 570 | -10/Materials | Discovered new exit (range 14) 921 | -10/Materials | Discovered new exit (range 8) 1395 | -10/Materials | Discovered new exit (range 3) 1561 | -10/Materials | Discovered new exit (range 7) 1950 | -10/Materials | Discovered new exit (range 16) 2341 | -10/Materials | Entered Mines 2341 | -10/Mines | Discovered new exit (range 14) 2350 | -10/Mines | Received a Rocket Launcher from a helpful Derelict 2392 | -10/Mines | Core integrity fell below 50% 2686 | -10/Mines | Learned 8 Materials zone layouts 2723 | -10/Mines | Discovered new exit (range 10) 2812 | -10/Mines | Received a Mining Laser from a helpful Derelict 2953 | -10/Mines | Deemed a non-threat by the Exiles lab entrance 2954 | -10/Mines | Discovered new exit (range 5) 2962 | -10/Mines | Entered Exiles 2962 | -10/Exiles | Found Exiles lab destroyed 2962 | -10/Exiles | Accompanied by 1 ally 3538 | -10/Exiles | Discovered new exit (range 14) 3557 | -10/Exiles | Entered Mines 3557 | -9/Mines | Accompanied by 1 ally 3568 | -9/Mines | Met a Derelict bent on vengeance 3644 | -9/Mines | Discovered new exit (range 15) 3647 | -9/Mines | Found DCF Scrap (15 items) 3694 | -9/Mines | Assembled infested the area 4246 | -9/Mines | Met a Derelict testing a Signal Generator 4395 | -9/Mines | Discovered new exit (range 13) 4517 | -9/Mines | Entered Materials 4517 | -8/Materials | Accompanied by 2 allies 4517 | -8/Materials | Evolved 4 slots: Propulsion x2, Utility x2 4518 | -8/Materials | Identified exit to Factory 5565 | -8/Materials | Garrison activated, responded to threat 5736 | -8/Materials | Identified exit to Garrison 5736 | -8/Materials | Entered Garrison 5744 | -8/Garrison | Triggered checkpoint 5789 | -8/Garrison | Triggered checkpoint 5814 | -8/Garrison | Triggered checkpoint 5895 | -8/Garrison | Installed Relay Interface Framework 5901 | -8/Garrison | Build established: Scavenger-Mutant 6189 | -8/Garrison | Triggered checkpoint 6197 | -8/Garrison | Triggered checkpoint 6236 | -8/Garrison | Lost 6 allies 6306 | -8/Garrison | Triggered checkpoint 6409 | -8/Garrison | Phase Generator disabled 6420 | -8/Garrison | Discovered new exit (range 9) 6498 | -8/Garrison | Triggered checkpoint 6618 | -8/Garrison | Garrison Relay disabled 6753 | -8/Garrison | Discovered new exit (range 4) 6786 | -8/Garrison | Discovered new exit (range 80) 6786 | -8/Garrison | Discovered new exit (range 56) 6786 | -8/Garrison | Discovered new exit (range 15) 6857 | -8/Garrison | Garrison Relay disabled 6946 | -8/Garrison | Build established: Bothacker-Mutant 7010 | -8/Garrison | Triggered checkpoint 7060 | -8/Garrison | Triggered checkpoint 7108 | -8/Garrison | Garrison Relay disabled 7172 | -8/Garrison | Garrison Relay disabled 7204 | -8/Garrison | Garrison Relay disabled 7314 | -8/Garrison | Entered Materials 7314 | -8/Materials | Accompanied by 3 allies 7460 | -8/Materials | Lost 3 parts (1n1u1w) 7569 | -8/Materials | Lost 3 allies 8478 | -8/Materials | Core integrity fell below 50% 8694 | -8/Materials | Discovered exit to Factory (range 11) 8847 | -8/Materials | Entered Factory 8847 | -7/Factory | Accompanied by 2 allies 8847 | -7/Factory | Evolved 2 slots: Utility x2 9267 | -7/Factory | Build established: Mutant 9468 | -7/Factory | Found Powered Armor 9707 | -7/Factory | System corruption reached 10% 9751 | -7/Factory | Lost 5 parts (2n3u) 10067 | -7/Factory | Cargo convoy interrupted 10137 | -7/Factory | Garrison activated, responded to threat 10152 | -7/Factory | Core integrity fell below 50% 10173 | -7/Factory | Core integrity fell below 20% 10185 | -7/Factory | Lost 14 parts (2p5n5u2w) 10362 | -7/Factory | System corruption reached 30% 10523 | -7/Factory | Found Prototype Launcher 10556 | -7/Factory | Found Prototype Launcher 10556 | -7/Factory | Identified Rocket Array (x2) 10917 | -7/Factory | Destroyed by P-60 Hacker with Shock Rifle Last Messages --------------- 10784_ System corrupted: Substantial component data lost. 10790_ K-01 Serf cleans the Power Conduit. 10798_ U-05 Engineer builds a Wall. 10799_ System corrupted: Energy discharge (-42). 10817_ System corrupted: Energy discharge (-45). 10833_ System corrupted: Energy discharge (-39). 10844_ Acquired Mic. Nuclear Core. 10847_ ALERT: Rogue bot located, Programmers report to Factory Zone 9N. 10857_ System corrupted: Heat flow error (+168). 10866_ U-05 Engineer builds a Wall. 10872_ OW<2RPLCLFL/BCXA>&NR 10873_ Acquired 30 matter. 10879_ K-01 Serf cleans the Power Conduit. 10893_ System corrupted: Substantial component data lost. 10898_ Discarded Mace. 10901_ Acquired Powered Hammer. 10903_ Dropped Mace. 10903_ Acquired Powered Hammer. 10908_ System corrupted: Heat flow error (+173). 10913_ K-01 Serf cleans the Power Conduit. Map ----- +----------------------------------------------------+ | ???????????????????????????# [![*! # """" | | ?????????????????????????? ##########%!### """" [ | | ???????????????????????### ##???###/#[[! # """" | | ???????????????????????# ???#*/!=** =#!"""" | | ???????????????????????# #####[!=*[!## """" | | ????????????????? / !!![==[!=*%/%= | | ???????????????????????# #####!![=# !% ####### | | ???????????????????????? ???#!![[ ####?????? | | ????????????????????????# #???#![![ #????????? | | ????????????????????????# #???#### ############# | | ????????????????????????# #??????### | | ????????????????????????# #????????# """ """ | | ????????????????????????# #????????# """ """ | | ?????????????#######????# u #????????# """ """ | | ?????????????#"""""#????# #????????# | | ?#############""Y""###### #????????# """ """ | | k u ########## """ """ | | / """ """ | | ? === ############ | | ??######## === r #?# # | | ?????????# =! #?#] """" "# | | ?????????# #?# """" "#! | | ?????????# """"""""" #?# """" "############# | | ?????????# #?# """" T# | | ?????????# """"""""" ### """" "# | | ?????????# p @ # """" "# | | ?????????# k "# | | ?????????# ####### # """" # " | | ##########+##????# # """" # " | | ^ ########+######## """" # | | """ "" """" ## #?????# """" # | | """ " %"""% ## * #?????# """" # | | """ " % ## #?????# """" # ""T"" | | """ ""% ## #?????# # """"" | | ## / #?????########## | | ## // #????????################### | | ## / /#????????# #?????? | | ############## #????????# ! = #?????? | | ######## #????????# #?????? | | #??????##########????????# """ """ ] #?????? | | #????????????????????????# """ """ #?????? | | #????????????????????????# """ ??? ####### | | #???????????????#####????# ??? # | | #???????????????# ######+##+#####+## ^^ | | #???????????????# | | #???????????????# ###############+## """ | | #???????????????## ##???# + ^""" | | #????????????????# #????# " " " # """ | | #??????????????### ###??# " " " * # ^ ^ | | #??????????????# #??# " " " #^ """ | +----------------------------------------------------+ Best States ------------- Heat Dissipation 45 Energy Generation 15 Energy Capacity 280 Matter Stores 500 Matter Capacity 500 Sight Range 16 Terrain Scan Density 10 EM Shielding 2 Corruption Block 8 Armor Coverage 775 Evasion (%) 55 Targeting Accuracy 13 Melee Accuracy 6 Target Analysis 5 Recoil Reduction 4 Particle Charging 15 Salvage Targeting 1 Offensive Hacking 11 Relay Coupler Types 3 Relay Coupler Value 50 Item Schematics ----------------- Hcp. Storage Unit | -8/Materials | Hacked Robot Schematics ------------------ None Fabricated ------------ Nothing Alien Tech Used ----------------- None Achievements -------------- Packrat Challenges ------------ None Game ------ Seed UtilityBombardmentBay Manual? 0 Play Time 02:05:46 Cumulative 108.9 hours Start 2024.10.23 @ 22:04:24 End 2024.10.24 @ 00:08:52 Sessions 1 Manual Loads 0 Difficulty Rogue Special Mode None Game No. 39 Rogue 38 Adventurer 1 Explorer 0 Win Type - Total 2 Types 2/0/0/0/0/0/0/0/0 Lore% 27 Gallery% 50 Achievement% 42 Wizard Run 0 Options --------- Layout 0 ASCII 1 Keyboard 1 Movement Vi Keybinds 0 Fullscreen 2 Font 36/Terminus++ Map View 76x50 Zoom Use 0% Tactical HUD 1 Map Filters NONE Filters NONE Steam 1 RUN: 0cb0ff3f-bc77-4583-8025-86b951f05a49